 Dungeon Crawl Stone Soup version 0.31-a0-640-g39d97e502b (webtiles) character file.

Game seed: 4080079253695014785

122010 SunnyYharnam the Warrior (level 16, -11/201 (247) HPs)
             Began as a Minotaur Berserker on Aug 29, 2023.
             Was an Elder of Trog.
             Shot with an arrow by a deep elf archer (24 damage)
             ... on level 14 of the Dungeon on Aug 30, 2023.
             The game lasted 03:42:34 (32442 turns).

SunnyYharnam the Warrior (Minotaur Berserker)      Turns: 32442, Time: 03:42:35

HP:   -11/201 (247) AC: 28    Str: 25    XL:     16   Next: 33%
MP:   5/5           EV:  2    Int:  4    God:    Trog [****..]
Gold: 1722          SH:  5    Dex: 15    Spells: 15/15 levels left

rFire   . . .        Y - +4 lajatang (antimagic)
rCold   . . .        (shield currently unavailable)
rNeg    . . .        A - melded +1 plate armour {rC+}
rPois   +            (helmet currently unavailable)
rElec   .            (cloak currently unavailable)
rCorr   .            q - melded +1 pair of gloves
SInv    .            e - melded +2 pair of boots {Fly}
Will    +....        R - amulet of reflection
Stlth   ++           X - ring of poison resistance
HPRegen 0.53/turn    (no ring)
MPRegen 0.09/turn

%: reflection
@: mighty, tree-form, slowed, heavily drained, very slow
A: stationary, stasis, torment immunity, boosted hp, (horns 2), (retaliatory
headbutt)
a: Renounce Religion, Berserk, Trog's Hand, Brothers in Arms


You were on level 14 of the Dungeon.
You worshipped Trog.
Trog was greatly pleased with you.
You were a tree.
You visited 3 branches of the dungeon, and saw 22 of its levels.
You visited the Abyss 1 time.

You collected 2812 gold pieces.
You spent 1090 gold pieces at shops.

Inventory:

Hand Weapons
 k - a +1 sling of freezing
 r - the +5 glaive of the Guard {elec, spectral, AC+5}
   (You found it on level 13 of the Dungeon)

   AC+5:      It affects your AC (+5).
 t - a +3 demon blade
 u - the +7 trident of Abuas {flame, *Noise Fly rN+++ SInv}
   (You found it on level 2 of the Lair of Beasts)

   rN+++:     It renders you almost immune to negative energy.
   SInv:      It lets you see invisible.
   Fly:       It grants you flight.
   *Noise:    It may make a loud noise when swung.
 E - a +5 heavy rapier
 H - a +2 falchion of electrocution
 J - a +1 great sword of holy wrath
 S - the +4 scimitar of Zaerr {flame, rF+}
   (Trog gifted it to you on level 1 of the Lair of Beasts)

   rF+:       It protects you from fire.
 Y - a +4 antimagic lajatang (weapon)
Missiles
 i - 164 stones
 G - 16 poisoned darts (quivered)
Armour
 e - a +2 pair of boots of flying (melded)
 q - a +1 pair of gloves (melded)
 A - a +1 plate armour of cold resistance (melded)
 M - a +1 chain mail of poison resistance
Jewellery
 g - an amulet of faith
 Q - a ring of ice
 R - an amulet of reflection (around neck)
 X - a ring of poison resistance (left branch)
Talismans
 y - a blade talisman
 Z - a dragon-blood talisman
Wands
 m - a wand of digging (12)
 v - a wand of light (10)
 F - a wand of flame (63)
 O - a wand of polymorph (4)
 V - a wand of iceblast (9)
 W - a wand of charming (2)
Scrolls
 a - 2 scrolls of immolation
 b - a scroll of poison
 c - 2 scrolls of fear
 d - a scroll of silence
 f - a scroll of acquirement {unknown}
 j - 3 scrolls of teleportation
 o - 2 scrolls of identify
 s - a scroll of summoning
 x - 6 scrolls of revelation
 P - 2 scrolls of enchant weapon
 T - a scroll of fog
Potions
 h - 2 potions of invisibility
 n - 4 potions of enlightenment
 p - 3 potions of lignification
 w - 2 potions of haste
 z - a potion of magic
 C - 11 potions of curing
 D - 2 potions of cancellation
 I - a potion of mutation
 K - a potion of might
 L - 2 potions of berserk rage
 U - 2 potions of ambrosia
Miscellaneous
 N - a phantom mirror


   Skills:
 + Level 20.4 Fighting
 - Level 14.0 Long Blades
 - Level 14.0 Staves
 - Level 16.4 Armour
 + Level 16.6 Dodging
 - Level 1.3 Stealth
 + Level 4.1 Shields


You had 15 spell levels left.
You didn't know any spells.
Your spell library was empty.

Dungeon Overview and Level Annotations

Branches:
Dungeon (15/15)            Temple (0/1) D:7            Lair (5/5) D:8
  Swamp (0/4) Lair:2        Snake (0/4) Lair:3        Slime (0/5) Lair:4
    Orc (2/2) D:9             Elf (0/3) Orc:2        Vaults (0/5) D:13
 Depths (0/4) D:15

Altars:
Ashenzari
Elyvilon
Fedhas
Gozag
Hepliaklqana
Makhleb
Okawaru
Ru
Uskayaw
Vehumet
Wu Jian
Xom
The Shining One

Shops:
D:5 :   D:6 (*:((   D:10 *   Orc:2 !!:?*[

Annotations:
D:9 exclusion: orange crystal statue
D:14 Kasugh's ghost, journeyman GnWn


Innate Abilities, Weirdness & Mutations

You are a tree.
Your roots penetrate the ground, keeping you stationary.
You cannot be teleported.
You are immune to unholy pain and torment.
Your maximum health is greatly increased.
Your equipment is partially melded.
((You have a pair of horns on your head.))
((You reflexively headbutt those who attack you in melee.))


Message History

You feel very mighty all of a sudden.
You are covered in liquid flames!
The deep elf archer shoots an arrow.
The arrow hits you! You block the orc knight's attack. Kasugh's ghost hits you.
Kasugh's ghost burns you.
You barely miss the orc knight.
The orc knight is heavily wounded.
The orc knight hits you with a +0 long sword!
* * * LOW HITPOINT WARNING * * *
Kasugh's ghost hits you.
* * * LOW HITPOINT WARNING * * *
Kasugh's ghost burns you.
* * * LOW HITPOINT WARNING * * *
The deep elf archer shoots an arrow.
The arrow hits you but does no damage.
You feel much better. The orc knight misses you.
You block Kasugh's ghost's attack. The orc knight misses you.
Kasugh's ghost sprays you with burning goo.
The sticky flame hits you.
You are covered in liquid flames!
You slash the orc knight!
The orc knight is severely wounded.
You are covered in liquid flames!
* * * LOW HITPOINT WARNING * * *
The orc knight hits you with a +0 long sword!!
* * * LOW HITPOINT WARNING * * *
Kasugh's ghost misses you. You furiously retaliate!
You headbutt Kasugh's ghost!
Okay, then.
Okay, then.
Okay, then.
You turn into a tree.
Your +1 pair of gloves melds into your body.
Your +2 pair of boots of flying melds into your body.
Your +1 plate armour of cold resistance melds into your body.
You float gracefully downwards.
You feel less resistant to cold.
Your roots penetrate the ground.
You are covered in liquid flames!
* * * LOW HITPOINT WARNING * * *
The deep elf archer shoots an arrow.
The arrow hits you!!
You die...

....##....#......'..###
.....#....#......#..#
.....#....#......#..#
.....#....#......#..#
.....#....########..#
.....#..............#
.....#..............#
.#####.........o.[..####
.#..........e..[♣).....#
##..............[W.....#
.......................#
...............######..#
...............#....#..#
...............#....#..#
########.......#....#..#
#.......#....#..#
##.......#....#..#


You could see an orc knight (strong), a deep elf archer (repels missiles) and
Kasugh's ghost.

Vanquished Creatures
  A lich (Abyss:3)
  Jorgrun (Orc:2)
  A tentacled monstrosity (Abyss:3)
  A tentacled starspawn (Abyss:3)
  An emperor scorpion (D:15)
  A frost giant (D:13)
  An angel (Abyss:3)
  A stone giant (D:13)
  A deep elf annihilator (D:13)
  Azrael (D:13)
  A dire elephant (D:15)
  A fire dragon (Lair:5)
  A merfolk impaler (D:14)
  A vault guard (D:13)
  Fannar (Lair:1)
  2 hydras
  8 centaur warriors
  3 ogre magi
  An ice dragon (Lair:5)
  A catoblepas (Lair:2)
  4 boulder beetles
  19 two-headed ogres
  3 tengu warriors
  10 death yaks
  An orc high priest (Orc:2)
  A deep troll earth mage (D:13)
  A deep elf knight (D:14)
  Sonja (D:10)
  A skyshark (Lair:3)
  5 skeletal warriors (D:14)
  The ghost of Stellion the Thaumaturge, a novice DECj of Vehumet (D:8)
  A flayed ghost (D:13)
  A large abomination (Abyss:3)
  A swamp dragon (Lair:5)
  Lodul (D:10)
  A wizard (D:13)
  2 bog bodies (Lair:2)
  An orc knight (Orc:2)
  A lindwurm (Lair:5)
  3 deep elf pyromancers
  A salamander (D:15)
  13 ugly things
  3 cyclopes (D:13)
  3 manticores
  2 black mambas (shapeshifter)
  A worldbinder (Abyss:3)
  An apocalypse crab (Abyss:3)
  The ghost of avis the Cleaver, a novice HOMo of Beogh (D:5)
  8 black mambas
  A gargoyle (D:12)
  12 cane toads
  5 torpor snails (Lair:5)
  Maggie (D:10)
  9 rime drakes
  12 komodo dragons
  An unseen horror (D:9)
  2 freezing wraiths
  2 yaktaurs
  A hellwing (Abyss:3)
  4 trolls
  7 meliai
  4 tyrant leeches (Lair:5)
  5 polar bears
  A queen bee (Lair:1)
  9 hornets
  A tarantella (shapeshifter) (Abyss:3)
  13 blink frogs
  4 dream sheep (Lair:2)
  13 slime creatures
  A raiju (Abyss:3)
  Sigmund (D:4)
  10 wyverns
  A shadow (D:10)
  2 vampires (D:12)
  2 steam dragons
  64 yaks
  Eustachio (D:6)
  8 basilisks
  2 chaos spawn (Abyss:3)
  2 wraiths (D:13)
  4 starcursed masses (Abyss:3)
  11 vampire mosquitoes
  Edmund (D:4)
  3 wargs (Orc:2)
  3 hell hounds (D:13)
  6 acid dragons
  18 water moccasins
  A swamp drake (Lair:5)
  16 orc warriors
  3 ice beasts
  4 black bears
  2 sky beasts
  4 boggarts (D:14)
  14 wolves
  34 ogres
  9 centaurs
  A phantom (D:7)
  5 kobold brigands
  5 scorpions
  14 bullfrogs
  A wyvern skeleton (D:5)
  4 wights
  31 killer bees
  2 electric eels
  A bullfrog zombie (D:5)
  A jelly (D:5)
  A quasit (Abyss:3)
  Crazy Yiuf (D:7)
  A gnoll bouda (Lair:4)
  13 orc priests
  3 hounds
  2 sleepcaps
  2 bullfrog skeletons (D:5)
  9 iguanas
  17 hell rats
  15 orc wizards
  11 adders
  6 gnolls
  A shadow imp (D:5)
  A white imp (D:5)
  An ufetubus (D:5)
  3 worms
  2 dart slugs
  61 orcs
  5 endoplasms
  2 giant cockroaches
  10 goblins
  10 hobgoblins
  9 jackals
  2 quokkas
  4 ball pythons
  A bat (D:3)
  2 frilled lizards
  14 kobolds
  5 rats
  2 starspawn tentacles (Abyss:3)
737 creatures vanquished.

Vanquished Creatures (collateral kills)
  An ogre mage (Orc:1)
  2 hell hounds (D:13)
3 creatures vanquished.

Vanquished Creatures (others)
  A vampire (D:13)
  A boggart (D:14)
  3 starspawn tentacles (Abyss:3)
5 creatures vanquished.

Grand Total: 745 creatures vanquished

Notes
Turn   | Place    | Note
-------+----------+-------------------------------------------
     0 | D:1      | SunnyYharnam the Minotaur Berserker began the quest for the
                  | Orb.
     0 | D:1      | Reached XP level 1. HP: 19/19 MP: 0/0
   327 | D:1      | Reached XP level 2. HP: 27/27 MP: 1/1
   376 | D:1      | Reached skill level 4 in Fighting
   724 | D:2      | Reached XP level 3. HP: 33/33 MP: 2/2
   879 | D:2      | Found a broken altar of Ashenzari.
  1201 | D:2      | Reached skill level 5 in Long Blades
  1254 | D:2      | Reached ** piety under Trog
  1810 | D:3      | Reached XP level 4. HP: 41/41 MP: 3/3
  2210 | D:3      | Found a glowing golden altar of the Shining One.
  2210 | D:3      | Found a hazy altar of Hepliaklqana.
  2211 | D:3      | Found a white marble altar of Elyvilon.
  2284 | D:4      | Reached XP level 5. HP: 23/47 MP: 4/4
  2338 | D:4      | Noticed an ogre
  2343 | D:5      | Entered Level 5 of the Dungeon
  2400 | D:4      | Killed an ogre
  2761 | D:4      | You are sucked into a shaft and drop 3 floors!
  2785 | D:7      | Noticed a water moccasin
  2799 | D:7      | Killed a water moccasin
  2800 | D:7      | Reached skill level 5 in Fighting
  2800 | D:7      | Reached XP level 6. HP: 50/56 MP: 5/5
  3067 | D:7      | Reached XP level 7. HP: 40/61 MP: 6/6
  3225 | D:7      | Found a staircase to the Ecumenical Temple.
  3236 | D:7      | Reached skill level 1 in Stealth
  3312 | D:7      | Noticed an unseen horror
  3324 | D:6      | Found Bedoenwysa's Book Shoppe.
  3494 | D:6      | Found a shimmering altar of Xom.
  3644 | D:5      | Reached skill level 10 in Long Blades
  3737 | D:5      | Found Kagy's Book Shoppe.
  3781 | D:5      | Found a runed translucent gate.
  3782 | D:5      | Found a runed translucent gate.
  3782 | D:5      | Found a runed translucent gate.
  3784 | D:5      | Noticed avis's ghost (novice HOMo)
  3802 | D:5      | Killed avis's ghost
  3803 | D:5      | Reached skill level 6 in Fighting
  3803 | D:5      | Reached XP level 8. HP: 70/70 MP: 7/7
  4389 | D:4      | Noticed Sigmund
  4390 | D:4      | Noticed Edmund
  4409 | D:4      | Killed Edmund
  4414 | D:4      | Killed Sigmund
  4415 | D:4      | Reached skill level 5 in Armour
  4790 | D:4      | Reached *** piety under Trog
  5284 | D:6      | Reached XP level 9. HP: 74/78 MP: 8/8
  5350 | D:6      | Noticed Eustachio
  5365 | D:6      | Killed Eustachio
  5401 | D:6      | Found Alaxzisam's Weapon Shop.
  5412 | D:6      | Bought a +0 falchion of electrocution for 123 gold pieces
  5567 | D:6      | Found Toolul's Weapon Shop.
  5578 | D:6      | Found Yhiucaqa's General Store.
  5587 | D:6      | Bought a scroll of teleportation for 39 gold pieces
  5800 | D:6      | Found Wavoipicw's Antique Weapon Boutique.
  5838 | D:6      | Reached skill level 7 in Fighting
  6506 | D:7      | Found a runed translucent door.
  6507 | D:7      | Noticed Crazy Yiuf
  6624 | D:7      | Killed Crazy Yiuf
  7259 | D:8      | Reached skill level 8 in Fighting
  7302 | D:8      | Reached XP level 10. HP: 46/88 MP: 9/9
  7502 | D:8      | Noticed Stellion's ghost (novice DECj)
  7533 | D:8      | Found a runed translucent door.
  7554 | D:8      | Killed Stellion's ghost
  7554 | D:8      | Reached **** piety under Trog
  7555 | D:8      | Reached skill level 9 in Fighting
  7725 | D:8      | Found a sacrificial altar of Ru.
  7731 | D:8      | Found a blossoming altar of Fedhas.
  7736 | D:8      | Found a hide-covered altar of Uskayaw.
  7738 | D:8      | Found an ornate altar of the Wu Jian Council.
  7828 | D:8      | Found a staircase to the Lair.
  7963 | D:8      | Found a burning altar of Makhleb.
  8055 | D:8      | Reached skill level 10 in Fighting
  8306 | D:8      | Found an opulent altar of Gozag.
  8573 | D:8      | Reached skill level 1 in Shields
  8629 | D:8      | Noticed a tengu warrior
  8633 | D:8      | Noticed a centaur warrior
  8635 | D:8      | Killed a tengu warrior
  8644 | D:8      | Killed a centaur warrior
  8645 | D:8      | Reached skill level 11 in Fighting
  8755 | D:9      | Reached XP level 11. HP: 97/102 MP: 10/10
  8902 | D:9      | Found a staircase to the Orcish Mines.
  9261 | D:9      | Reached ***** piety under Trog
  9386 | D:9      | Reached skill level 5 in Dodging
  9399 | D:9      | Reached skill level 10 in Armour
  9519 | D:9      | Noticed an orange crystal statue
  9574 | D:9      | Noticed a two-headed ogre
  9583 | D:9      | Killed a two-headed ogre
  9584 | D:9      | Reached skill level 12 in Fighting
  9884 | D:10     | Entered Level 10 of the Dungeon
  9952 | D:10     | Noticed Lodul
  9981 | D:10     | Killed Lodul
 10173 | D:10     | Found Suiger's Neck Hole.
 10279 | D:10     | Reached skill level 13 in Fighting
 10512 | D:10     | Noticed Maggie
 10513 | D:10     | Noticed Sonja
 10523 | D:10     | Killed Sonja
 10527 | D:10     | Killed Maggie
 10890 | D:10     | Reached XP level 12. HP: 107/116 MP: 11/11
 10898 | D:10     | Reached skill level 14 in Fighting
 11214 | D:10     | Found a radiant altar of Vehumet.
 11358 | Lair:1   | Entered Level 1 of the Lair of Beasts
 11363 | Lair:1   | Noticed Fannar
 11387 | Lair:1   | Killed Fannar
 11733 | Lair:1   | Identified the +4 scimitar of Zaerr {flame, rF+} (Trog
                  | gifted it to you on level 1 of the Lair of Beasts)
 11733 | Lair:1   | Received a gift from Trog
 12065 | Lair:1   | Reached skill level 10 in Dodging
 12185 | Lair:1   | Reached skill level 15 in Fighting
 13570 | Lair:2   | Reached skill level 16 in Fighting
 13600 | Lair:2   | Identified the +7 trident of Abuas {flame, *Noise Fly rN+++
                  | SInv}
 13799 | Lair:2   | Received a gift from Trog
 13855 | Lair:2   | Noticed a catoblepas
 13868 | Lair:2   | Killed a catoblepas
 14090 | Lair:2   | Reached XP level 13. HP: 115/129 MP: 12/12
 14234 | Lair:2   | Found a staircase to the Swamp.
 14914 | Lair:3   | Reached skill level 17 in Fighting
 15158 | Lair:3   | Found a staircase to the Snake Pit.
 16505 | Lair:4   | Found a gate leading to a gauntlet.
 16677 | Lair:3   | Reached skill level 18 in Fighting
 17110 | Lair:4   | Received a gift from Trog
 17309 | Lair:4   | Reached XP level 14. HP: 113/144 MP: 13/13
 17772 | Lair:4   | Identified the +11 rapier of Uncertain Death {distort,
                  | rElec MP+9 Str-3 Int+3}
 17953 | Lair:4   | Found a staircase to the Slime Pits.
 18138 | Lair:5   | Entered Level 5 of the Lair of Beasts
 18787 | Lair:5   | Reached skill level 15 in Dodging
 19000 | Lair:5   | Reached skill level 19 in Fighting
 19315 | Lair:5   | Received a gift from Trog
 19779 | Lair:5   | Found a runed translucent door.
 20075 | Lair:5   | Reached skill level 15 in Armour
 21339 | D:11     | Found a radiant altar of Vehumet.
 21973 | Orc:1    | Entered Level 1 of the Orcish Mines
 22192 | Orc:2    | Entered Level 2 of the Orcish Mines
 22262 | Orc:2    | Found Ere Qaum's Assorted Antiques.
 22275 | Orc:2    | Bought a glowing plate armour for 858 gold pieces
 22289 | Orc:2    | Found Nimoowann's Armour Emporium.
 22323 | Orc:2    | Received a gift from Trog
 22340 | Orc:2    | Found Dyopreas's Distillery.
 22340 | Orc:2    | Found Qilev's Book Emporium.
 22340 | Orc:2    | Found Kesipsas's Distillery.
 22340 | Orc:2    | Found Posunt's Magic Scroll Shop.
 22932 | Orc:2    | Paralysed by an ogre mage for 5 turns
 23403 | Orc:1    | Reached skill level 20 in Fighting
 23459 | Orc:1    | Reached XP level 15. HP: 94/155 MP: 14/14
 23807 | Orc:2    | Bought a potion of heal wounds for 70 gold pieces
 23839 | Orc:2    | Noticed Jorgrun
 23856 | Orc:2    | Killed Jorgrun
 24396 | Orc:2    | Found a staircase to the Elven Halls.
 25063 | D:12     | Received a gift from Trog
 25100 | D:12     | Reached skill level 1 in Staves
 25547 | D:12     | Identified the staff "Judwoyfu" {rPois Str+3 Dex+3 Poison}
 26489 | D:13     | Noticed Azrael
 26522 | D:13     | Killed Azrael
 26523 | D:13     | Reached skill level 5 in Staves
 26748 | D:13     | Noticed a frost giant
 26749 | D:13     | Received a gift from Trog
 27168 | D:13     | Killed a frost giant
 27301 | D:13     | Found the +5 glaive of the Guard {elec, spectral, AC+5}
 27682 | Abyss:3  | Cast into level 3 of the Abyss (a wizard)
 27696 | Abyss:3  | Noticed a tentacled starspawn
 27865 | Abyss:3  | Killed a lich
 27940 | Abyss:3  | Paralysed by accursed screaming for 1 turns
 27947 | Abyss:3  | Paralysed by accursed screaming for 1 turns
 28020 | Abyss:3  | Found a snail-covered altar of Cheibriados.
 28022 | Abyss:3  | Noticed a black draconian knight
 28116 | Abyss:3  | Reached skill level 10 in Staves
 28162 | Abyss:3  | Noticed a tentacled monstrosity
 28174 | Abyss:3  | Killed a tentacled monstrosity
 28210 | Abyss:3  | Noticed a tentacled starspawn
 28222 | Abyss:3  | Killed a tentacled starspawn
 28261 | D:13     | Escaped the Abyss
 28479 | D:13     | Found a gate to the Vaults.
 29576 | D:14     | Reached XP level 16. HP: 148/163 MP: 5/15
 30413 | D:15     | Entered Level 15 of the Dungeon
 30413 | D:15     | Found a runed translucent gate.
 30413 | D:15     | Found a runed translucent gate.
 30713 | D:15     | Found a runed translucent gate.
 30714 | D:15     | Noticed Kasugh's ghost (journeyman GnWn)
 31031 | D:15     | Found a staircase to the Depths.
 31883 | D:15     | Found an iron altar of Okawaru.
 32442 | D:14     | Shot with an arrow by a deep elf archer

Illustrated notes

Levels and vault maps discovered:
D:1:      moated_graveyard_arrival, layout_basic, minmay_statues_item
D:2:      layout_loops_ring, basic_altar, minmay_misc_feat_tiny,
          nicolae_half_adder
D:3:      layout_loops_ring, gammafunk_temple_overflow_forgotten,
          minmay_misc_feat_square, minmay_strange_pillars
D:4:      cheibrodos_greedy_goblins, layout_basic,
          ebering_dispersal_statue_hall, sigmund_edmund_badplayer
D:5:      kennysheep_spiral_hall, layout_basic, gammafunk_ghost_necromancy,
          serial_shops, shop, hangedman_decor_points
D:6:      layout_gridville, mainiacjoe_overflow_concentric_impassable,
          serial_shops, kennysheep_little_box,
          nicolae_shop_bloodbath_and_beyond, shop, nicolae_diamond_shop, shop,
          uniq_eustachio
D:7:      layout_rooms, minmay_temple_entry_wispy, grunt_decor_arrowhead,
          serial_bayou_pond_e, uniq_crazy_yiuf_cottage
D:8:      layout_cave_pods, nicolae_overflow_macrodata_refinement,
          mainiacjoe_overflow_alcove_4, lightli_temple_of_fire,
          minmay_lair_entry_grove, hellmonk_ghost_happy_afterlife,
          minmay_manual_mullet
D:9:      layout_irregular_city, orc_0_dummy, disabler_island
D:10:     minmay_clustersquares, layout_small_grid, lemuel_doored_altar,
          nicolae_shop_sticking_my_neck_out, uniq_sonja, uniq_maggie, uniq_lodul
D:11:     layout_gridville, nicolae_vehumet_radiance
D:12:     layout_loops_ring
D:13:     minmay_guarded_unrand_guard, layout_loops_ring, david_vaults_5,
          special_room [special_room_orc], kennysheep_flooded_box, uniq_azrael
D:14:     layout_irregular_city, hangedman_abyss_or_decor_stabs,
          kennysheep_pointless_box
D:15:     hangedman_depths_entry_try_elsewhere_first, layout_basic,
          gammafunk_ghost_fury_of_okawaru, serial_bayou_lagoon_a
Lair:1:   layout_roguey [special_room_bee], grunt_megastairs_3,
          infiniplex_staircase_pool_2, uniq_fannar
Lair:2:   layout_chaotic_city, skrybe_swamp_entry_bodies, serial_bayou_pond_c
Lair:3:   layout_chaotic_city, minmay_snake_entry_six_corridors,
          lemuel_fruit_fields
Lair:4:   layout_small_grid, slime_entry_1, gauntlet_entry_generic, special_room
          [special_room_mythical_zoo], dreamdust_gnoll_shepherd,
          serial_bayou_shore_a
Lair:5:   wormcave, layout_loops_ring, guppyfry_lair_end_dragon,
          cheibrodos_lair_lostbears
Orc:1:    layout_caves
Orc:2:    st_orc_ogre_mass, layout_caves, serial_shops, shop, shop, uniq_jorgrun

Skill      XL: |  1  2  3  4  5  6  7  8  9 10 11 12 13 14 15 16 |
---------------+-------------------------------------------------+-----
Long Blades    | 4 5 6 7 8 10 12 14 | 14.0
Fighting       | 4 5 6 8 11 13 16 18 20 | 20.4
Armour         | 4 5 7 9 11 12 14 16 | 16.4
Stealth        | 1 |  1.3
Dodging        | 3 8 11 14 16 | 16.6
Shields        | 2 4 |  4.1
Staves         | 12 14 | 14.0

Action                     |  1- 3 |  4- 6 |  7- 9 | 10-12 | 13-15 | 16-18 || total
---------------------------+-------+-------+-------+-------+-------+-------++-------
  Melee: Falchion          |    75 |    83 |   319 |   538 |       |       ||  1015
         Headbutt          |    16 |    13 |    58 |   145 |   370 |    64 ||   666
         Punch             |       |       |     3 |     8 |    12 |     1 ||    24
         Scimitar          |       |       |       |   186 |   977 |    10 ||  1173
         Lajatang          |       |       |       |       |   391 |   187 ||   578
  Throw: Dart              |       |       |       |       |     1 |       ||     1
 Invoke: Berserk           |       |     4 |     8 |     9 |    13 |     1 ||    35
         Trog's Hand       |       |     1 |     3 |     6 |    18 |     1 ||    29
         Brothers in Arms  |       |       |       |     1 |     3 |       ||     4
  Evoke: Wand              |       |       |       |     2 |     1 |       ||     3
    Use: Scroll            |       |     6 |    11 |    10 |    20 |     1 ||    48
         Potion            |       |       |     2 |     3 |    19 |     3 ||    27
 Armour: Animal skin       |    14 |    12 |       |       |       |       ||    26
         Ring mail         |       |    24 |     6 |       |       |       ||    30
         Chain mail        |       |       |    23 |       |       |       ||    23
         Plate armour      |       |       |   175 |   290 |   652 |   102 ||  1219
  Dodge: Dodged            |    34 |    41 |    92 |   243 |   754 |   101 ||  1265
  Block: Buckler           |       |       |       |     5 |       |       ||     5
         Other             |       |       |       |       |    27 |    48 ||    75
         Reflection        |       |       |       |       |     1 |     3 ||     4

Table legend: (Time is in decaauts)
 A = Elapsed time spent in this place.
 B = Non-inter-level travel time spent in this place.
 C = Inter-level travel time spent in this place.
 D = Time resting spent in this place.
 E = Time spent auto-exploring this place.
 F = Levels seen in this place.
 G = Mean time per level.
                   A        B        C        D        E       F      G
               +--------+--------+--------+--------+--------+-----+--------+
         Total |  32120 |  30645 |   1475 |  12479 |  12846 |  23 | 1396.5 |
       Dungeon |  19399 |  18366 |   1033 |   6123 |   9195 |  15 | 1293.3 |
          Lair |   9474 |   9141 |    333 |   4694 |   2917 |   5 | 1894.8 |
  Orcish Mines |   2676 |   2568 |    108 |   1398 |    734 |   2 | 1338.0 |
         Abyss |    570 |    570 |      0 |    264 |      0 |   1 |  570.0 |
               +--------+--------+--------+--------+--------+-----+--------+

Top non-repeatable levels by time:
  Lair:5: 2744 daAuts
    D:13: 2430 daAuts
    D:14: 2094 daAuts
  Lair:1: 2048 daAuts
  Lair:3: 1789 daAuts
   Orc:1: 1712 daAuts
     D:7: 1590 daAuts
    D:15: 1584 daAuts
     D:8: 1573 daAuts
  Lair:2: 1475 daAuts
  Lair:4: 1416 daAuts
    D:10: 1411 daAuts
     D:9: 1213 daAuts
     D:5: 1185 daAuts
     D:6: 1172 daAuts
